 Dungeon Crawl Stone Soup version 0.31.0-12-g77e489cdc1 (webtiles) character file.

Game seed: 14982978195945094998

3598 thiscave3701365 the Cleaver (level 10, 0/82 HPs)
             Began as a Gnoll Berserker on Feb 8, 2024.
             Was an Elder of Trog.
             Slain by a hornet (11 damage)
             ... on level 8 of the Dungeon on Feb 22, 2024.
             The game lasted 00:35:09 (7966 turns).

thiscave3701365 the Cleaver (Gnoll Berserker)       Turns: 7966, Time: 00:35:10

Health: 0/82       AC: 16    Str: 20    XL:     10   Next: 10%
Magic:  17/17      EV:  7    Int:  8    God:    Trog [****..]
Gold:   404        SH:  9    Dex: 11    Spells: 19/19 levels left

rFire   + + .        J - +3 scimitar
rCold   . . .        k - +0 kite shield
rNeg    . . .        z - +0 plate armour "Uqaschora" {*Slow rPois rF+}
rPois   +            s - +1 helmet
rElec   .            u - scarf {+Inv}
rCorr   .            y - +0 pair of gloves
SInv    .            (no boots)
Will    .....        (no amulet) Stlth
                     B - ring of protection from fire
HPRegen 0.33/turn    (no ring)
MPRegen 0.15/turn

%: slow self (1%)
@: on berserk cooldown, slowed, very slow
A: fangs 1, strong nose, distributed training
a: Renounce Religion, Evoke Invisibility, Berserk, Trog's Hand, Brothers in Arms


You were on level 8 of the Dungeon.
You worshipped Trog.
Trog was greatly pleased with you.
You visited 1 branch of the dungeon, and saw 8 of its levels.
You also visited: Sewer.

You collected 404 gold pieces.

Inventory:

Hand Weapons
 q - a +1 flail of holy wrath
 r - a +3 spear of freezing
 t - a +3 spear of flaming
 v - a +0 sling
 C - the +0 trident of Barompag {pain, rC+ Dex+3 Stlth+}
   (You found it on level 7 of the Dungeon)

   Dex+3:     It affects your dexterity (+3).
   rC+:       It protects you from cold.
   Stlth+:    It makes you more stealthy.
 D - a +5 hand axe
 J - a +3 scimitar (weapon)
 K - a +0 battleaxe
 L - a +5 spear of freezing
Missiles
 j - 2 throwing nets
Armour
 k - a +0 kite shield (worn)
 s - a +1 helmet (worn)
 u - a scarf of invisibility (worn)
 y - a +0 pair of gloves (worn)
 z - the +0 plate armour "Uqaschora" (worn) {*Slow rPois rF+}
   (You found it on level 5 of the Dungeon)

   rF+:       It protects you from fire.
   rPois:     It protects you from poison *Slow: It may slow you when you take
   damage.
 A - a +0 chain mail
 G - the +1 ring mail of the Valley {rF++ rC+ SInv}
   (You found it on level 6 of the Dungeon)

   rF++:      It greatly protects you from fire.
   rC+:       It protects you from cold.
   SInv:      It lets you see invisible.
Jewellery
 n - an amulet of magic regeneration
 B - a ring of protection from fire (left hand)
Wands
 a - a wand of polymorph (9)
 g - a wand of flame (34)
 m - a wand of charming (8)
 H - a wand of digging (1)
Scrolls
 d - a scroll of blinking
 e - 2 scrolls of teleportation
 h - a scroll of fog
 x - 3 scrolls of fear
 E - a scroll of enchant armour
 I - 3 scrolls of enchant weapon
Potions
 b - a potion of lignification {unknown}
 c - 3 potions of enlightenment
 f - 4 potions of magic
 i - 2 potions of attraction {unknown}
 l - 3 potions of curing
 o - 2 potions of might
 p - a potion of invisibility {unknown}
 w - a potion of heal wounds {unknown}
 F - a potion of degeneration {unknown}
 M - a potion of mutation {unknown}


   Skills:
 + Level 8.4 Fighting
 + Level 5.1 Short Blades
 + Level 5.1 Long Blades
 + Level 8.4 Axes
 + Level 5.1 Maces & Flails
 + Level 5.1 Polearms
 + Level 5.1 Staves
 + Level 5.1 Ranged Weapons
 + Level 5.1 Throwing
 + Level 7.0 Armour
 + Level 7.0 Dodging
 + Level 5.1 Stealth
 + Level 5.1 Shields
 + Level 5.1 Unarmed Combat
 + Level 5.1 Spellcasting
 + Level 4.2 Conjurations
 + Level 4.2 Hexes
 + Level 4.2 Summonings
 + Level 4.2 Necromancy
 + Level 4.2 Translocations
 + Level 4.2 Fire Magic
 + Level 4.2 Ice Magic
 + Level 4.2 Air Magic
 + Level 4.2 Earth Magic
 + Level 4.2 Alchemy
 + Level 5.6 Invocations
 + Level 5.1 Evocations
 + Level 4.7 Shapeshifting


You had 19 spell levels left.
You didn't know any spells.
Your spell library was empty.

Dungeon Overview and Level Annotations

Branches:
Dungeon (8/15)             Temple (0/1) D:4           Sewer (visited)
   Lair: D:8-11

Altars:
Ashenzari
Gozag
Kikubaaqudgha
Makhleb
Qazlal
Ru
Sif Muna
Uskayaw
Zin
The Shining One


Innate Abilities, Weirdness & Mutations

You have very sharp teeth.
Your uncanny sense of smell can sniff out nearby items.
Your experience applies equally to all skills.


Message History

The hornet stings you but does no damage.
You hit the hornet.
The hornet is moderately wounded.
You block the hornet's attack. x2
The hornet stings you but does no damage.
You miss the hornet.
The hornet is moderately wounded.
The hornet closely misses you. The hornet stings you!
The hornet stings you but does no damage.
You barely miss the hornet.
The hornet is moderately wounded.
The hornet stings you. You block the hornet's attack.
You closely miss the hornet. You bite the hornet, but do no damage.
The hornet is moderately wounded.
You block the hornet's attack. The hornet barely misses you.
The hornet stings you!
You feel as though you will be slow longer.
You hit the hornet.
The hornet is moderately wounded.
You block the hornet's attack. x2; The hornet stings you!
* * * LOW HITPOINT WARNING * * *
You are poisoned.
You barely miss the hornet. Your bite misses the hornet.
The hornet is moderately wounded.
You feel very sick.
The hornet stings you but does no damage. x2
You block the hornet's attack.
You feel sick. You block the hornet's attack. x2
You feel sick.
The hornet barely misses you. x2; The hornet stings you.
* * * LOW HITPOINT WARNING * * *
Okay, then.
You hit the hornet but do no damage.
The hornet is moderately wounded.
You feel sick. The hornet stings you.
* * * LOW HITPOINT WARNING * * *
The hornet stings you.
* * * LOW HITPOINT WARNING * * *
You block the hornet's attack.
You feel better. The hornet stings you!
You die...

#####.##..##...#
#........)......
#...............
#............... ####
##.##.##..##...# #..##
######[#####..# ..# #...#
#...#......#.... .. #...#
#...y......#..... . #...#
+..@#......#...>.) #..##
### ##..##.##.######.#
#..####.#######..##.##.#
#........#....#......(..
#........#....'..........
#....##..##..##........
..
###'###..##..##.........
#....>...))..##.....###
#..<.###+##..##.....#


You could see a hornet.

Vanquished Creatures
  2 two-headed ogres (D:8)
  Joseph (D:7)
  Menkaure (D:7)
  Duvessa (D:5)
  Pargi (Sewer)
  2 sky beasts
  A brain worm (Sewer)
  2 bullfrogs (D:7)
  A gnoll sergeant (D:5)
  10 wights
  Dowan (D:5)
  A bombardier beetle (D:5)
  2 jellies (D:6)
  3 orc priests
  5 hounds
  Ijyb (D:3)
  2 iguanas
  6 orc wizards
  Robin (D:3)
  6 gnolls
  An adder (D:6)
  A shadow imp (D:6)
  4 ufetubi (D:7)
  2 dart slugs
  5 ribbon worms
  11 orcs
  9 endoplasms
  6 giant cockroaches
  17 goblins
  13 hobgoblins
  7 jackals
  A quokka (D:5)
  11 ball pythons
  11 bats
  6 frilled lizards
  2 kobolds
  6 rats
163 creatures vanquished.

Vanquished Creatures (others)
  A human (D:6)
1 creature vanquished.

Grand Total: 164 creatures vanquished

Notes
Turn   | Place    | Note
-------+----------+-------------------------------------------
     0 | D:1      | thiscave3701365 the Gnoll Berserker began the quest for the
                  | Orb.
     0 | D:1      | Reached XP level 1. HP: 23/23 MP: 1/1
   148 | D:1      | Reached XP level 2. HP: 26/29 MP: 2/2
   738 | D:2      | Reached ** piety under Trog
   739 | D:2      | Reached XP level 3. HP: 35/35 MP: 3/3
   925 | D:2      | Reached skill level 1 in Invocations
  1266 | D:3      | Noticed Robin
  1273 | D:2      | Reached skill level 1 in Short Blades
  1273 | D:2      | Reached skill level 1 in Long Blades
  1273 | D:2      | Reached skill level 1 in Maces & Flails
  1273 | D:2      | Reached skill level 1 in Polearms
  1273 | D:2      | Reached skill level 1 in Staves
  1273 | D:2      | Reached skill level 1 in Ranged Weapons
  1273 | D:2      | Reached skill level 1 in Throwing
  1273 | D:2      | Reached skill level 1 in Stealth
  1273 | D:2      | Reached skill level 1 in Shields
  1273 | D:2      | Reached skill level 1 in Unarmed Combat
  1273 | D:2      | Reached skill level 1 in Spellcasting
  1273 | D:2      | Reached skill level 1 in Evocations
  1317 | D:2      | Reached skill level 1 in Shapeshifting
  1317 | D:2      | Reached XP level 4. HP: 41/41 MP: 5/5
  1326 | D:3      | Killed Robin
  1358 | D:3      | Found a glowing drain.
  1373 | Sewer    | Entered a sewer
  1390 | Sewer    | Noticed Pargi
  1406 | Sewer    | Noticed a brain worm
  1414 | Sewer    | Killed Pargi
  1415 | Sewer    | Reached skill level 1 in Conjurations
  1415 | Sewer    | Reached skill level 1 in Hexes
  1415 | Sewer    | Reached skill level 1 in Summonings
  1415 | Sewer    | Reached skill level 1 in Necromancy
  1415 | Sewer    | Reached skill level 1 in Translocations
  1415 | Sewer    | Reached skill level 1 in Fire Magic
  1415 | Sewer    | Reached skill level 1 in Ice Magic
  1415 | Sewer    | Reached skill level 1 in Air Magic
  1415 | Sewer    | Reached skill level 1 in Earth Magic
  1415 | Sewer    | Reached skill level 1 in Alchemy
  1415 | Sewer    | Reached XP level 5. HP: 24/47 MP: 3/7
  1446 | Sewer    | HP: 2/47 [brain worm (4)]
  1450 | Sewer    | Reached XP level 6. HP: 4/53 MP: 4/8
  1842 | D:3      | Reached *** piety under Trog
  1921 | D:3      | Noticed Ijyb
  1961 | D:3      | Killed Ijyb
  1962 | D:3      | Reached skill level 5 in Armour
  1962 | D:3      | Reached skill level 5 in Dodging
  2195 | D:3      | Found a hide-covered altar of Uskayaw.
  3238 | D:4      | Found a broken altar of Ashenzari.
  3349 | D:4      | Found a staircase to the Ecumenical Temple.
  3565 | D:5      | Entered Level 5 of the Dungeon
  3577 | D:5      | Reached XP level 7. HP: 60/60 MP: 10/10
  3594 | D:5      | Identified the +0 plate armour "Uqaschora" {*Slow rPois
                  | rF+}
  4067 | D:5      | Found a burning altar of Makhleb.
  4177 | D:5      | Reached **** piety under Trog
  4933 | D:6      | Noticed Duvessa
  4933 | D:6      | Noticed Dowan
  4984 | D:5      | Killed Dowan
  4985 | D:5      | Reached XP level 8. HP: 53/67 MP: 12/12
  4988 | D:5      | Killed Duvessa
  5292 | D:6      | Identified the +1 ring mail of the Valley {rF++ rC+ SInv}
  5294 | D:6      | Found an ancient bone altar of Kikubaaqudgha.
  5365 | D:6      | Found an opulent altar of Gozag.
  5502 | D:6      | Found a stormy altar of Qazlal.
  5979 | D:6      | Found a glowing silver altar of Zin.
  6326 | D:7      | Identified the +0 trident of Barompag {pain, rC+ Dex+3
                  | Stlth+}
  6347 | D:7      | HP: 1/60 [wight/+0 falchion (4)]
  6694 | D:7      | Found a sacrificial altar of Ru.
  6709 | D:7      | Noticed Menkaure
  6722 | D:7      | Found a glowing golden altar of the Shining One.
  6971 | D:7      | Killed Menkaure
  6972 | D:7      | Reached XP level 9. HP: 67/73 MP: 13/15
  7242 | D:7      | Upgraded the game from 0.31.0-11-ge490571c62 to
                  | 0.31.0-12-g77e489cdc1
  7435 | D:7      | Noticed Joseph
  7443 | D:7      | Killed Joseph
  7690 | D:7      | Found a shimmering blue altar of Sif Muna.
  7853 | D:8      | Noticed a two-headed ogre
  7862 | D:8      | Killed a two-headed ogre
  7863 | D:8      | Reached skill level 5 in Invocations
  7933 | D:8      | Noticed a two-headed ogre
  7943 | D:8      | Killed a two-headed ogre
  7944 | D:8      | Reached skill level 5 in Short Blades
  7944 | D:8      | Reached skill level 5 in Long Blades
  7944 | D:8      | Reached skill level 5 in Maces & Flails
  7944 | D:8      | Reached skill level 5 in Polearms
  7944 | D:8      | Reached skill level 5 in Staves
  7944 | D:8      | Reached skill level 5 in Ranged Weapons
  7944 | D:8      | Reached skill level 5 in Throwing
  7944 | D:8      | Reached skill level 5 in Stealth
  7944 | D:8      | Reached skill level 5 in Shields
  7944 | D:8      | Reached skill level 5 in Unarmed Combat
  7944 | D:8      | Reached skill level 5 in Spellcasting
  7944 | D:8      | Reached skill level 5 in Evocations
  7944 | D:8      | Reached XP level 10. HP: 82/82 MP: 17/17
  7966 | D:8      | Slain by a hornet

Illustrated notes

Levels and vault maps discovered:
D:1:      dpeg_arrival_lava_altar, layout_basic
D:2:      layout_rooms
D:3:      layout_loops_cross, mainiacjoe_overflow_cross_hatched,
          mainiacjoe_sewer_entry_somewhere_in_here_1, uniq_ijyb, uniq_robin
D:4:      layout_loops_cross, mainiacjoe_overflow_surrounded_room,
          minmay_temple_entry_nine_rooms
D:5:      layout_loops_ring, old_standard_altar, minivault_26
D:6:      layout_loops_cross, pdpol_temple_overflow_zin_treasury_gozag_greed,
          tgw_kikubaaqudgha, mainiacjoe_overflow_boulevard,
          grunt_decor_mini_mirrors, uniq_duvessa
D:7:      layout_basic, marbit_many_paths, tso_metal_star,
          nicolae_ru_sacrificial_ziggurat, minivault_23, uniq_joseph,
          uniq_menkaure
D:8:      layout_gridville, lair_entry_dummy, hangedman_glass_teeth

Skill      XL: |  1  2  3  4  5  6  7  8  9 |
---------------+----------------------------+-----
Invocations    | 1 2 3 4 5 |  5.6
Short Blades   | 1 2 3 4 5 |  5.1
Long Blades    | 1 2 3 4 5 |  5.1
Maces & Flails | 1 2 3 4 5 |  5.1
Polearms       | 1 2 3 4 5 |  5.1
Staves         | 1 2 3 4 5 |  5.1
Ranged Weapons | 1 2 3 4 5 |  5.1
Throwing       | 1 2 3 4 5 |  5.1
Stealth        | 1 2 3 4 5 |  5.1
Shields        | 1 2 3 4 5 |  5.1
Unarmed Combat | 1 2 3 4 5 |  5.1
Spellcasting   | 1 2 3 4 5 |  5.1
Evocations     | 1 2 3 4 5 |  5.1
Shapeshifting  | 1 2 3 4 |  4.7
Conjurations   | 1 2 3 4 |  4.2
Hexes          | 1 2 3 4 |  4.2
Summonings     | 1 2 3 4 |  4.2
Necromancy     | 1 2 3 4 |  4.2
Translocations | 1 2 3 4 |  4.2
Fire Magic     | 1 2 3 4 |  4.2
Ice Magic      | 1 2 3 4 |  4.2
Air Magic      | 1 2 3 4 |  4.2
Earth Magic    | 1 2 3 4 |  4.2
Alchemy        | 1 2 3 4 |  4.2
Armour         | 5 6 7 |  7.0
Dodging        | 5 6 7 |  7.0
Fighting       | 7 8 |  8.4
Axes           | 7 8 |  8.4

Action                     |  1- 3 |  4- 6 |  7- 9 | 10-12 || total
---------------------------+-------+-------+-------+-------++-------
  Melee: Hand axe          |    97 |   182 |       |       ||   279
         Bite              |     7 |    21 |    28 |     1 ||    57
         Punch             |     1 |       |       |       ||     1
         Spear             |       |    75 |    49 |       ||   124
         Flail             |       |       |    43 |       ||    43
         War axe           |       |       |   102 |       ||   102
         Battleaxe         |       |       |    43 |       ||    43
         Unarmed           |       |       |    13 |       ||    13
         Scimitar          |       |       |    76 |     8 ||    84
   Fire: Sling             |       |     6 |       |       ||     6
 Invoke: Berserk           |       |       |     6 |       ||     6
    Use: Scroll            |       |    10 |     6 |       ||    16
         Potion            |       |       |     1 |     1 ||     2
 Armour: Animal skin       |    28 |       |       |       ||    28
         Ring mail         |    34 |    97 |       |       ||   131
         Scale mail        |       |    38 |     7 |       ||    45
         Plate armour      |       |       |   350 |    21 ||   371
         Skin              |       |       |    27 |       ||    27
  Dodge: Dodged            |    73 |   100 |   116 |     7 ||   296
  Block: Kite shield       |    27 |   103 |   110 |    13 ||   253
